Map: Redshift LE

Players

Has

  • Race: Protoss Protoss
  • Spawn Location: 7:00

ShoWTimE - Winner!

  • Race: Protoss Protoss
  • Spawn Location: 11:00

Event: WCS Valencia 2018

VOD

Have the link to the VOD?

Description

Time

  • Played on: July 14, 2018, 11:46 a.m.
  • Length: 10:54

All games in this series

Show
View Real Time Build Order
Export as new Build Order

Has Protoss 

Build Orders: Cannon Rush 

Get SALT Encoding   

  12  0:00  Probe  
  13  0:12  Probe  
  14  0:18  Pylon  
  14  0:24  Probe  
  15  0:34  Probe  
  15  0:37  Forge  
  16  0:42  Probe  
  17  0:52  Pylon  
  17  0:55  Probe  
  18  1:00  Pylon  
  18  1:07  Probe  
  19  1:18  Photon Cannon  
  19  1:22  Probe  
  20  1:31  Gateway  
  21  1:41  Gateway  
  21  1:43  Photon Cannon  
  20  1:47  Photon Cannon  
  20  1:50  Probe  
  20  1:51  Pylon  
  21  1:58  Probe  
  21  2:05  Assimilator  
  22  2:10  Photon Cannon  
  22  2:12  Photon Cannon  
  22  2:20  Assimilator  
  22  2:26  Cybernetics Core  
  22  2:29  Probe  
  23  2:41  Probe  
  23  2:43  Gateway  
  24  2:50  Assimilator  
  24  2:54  Assimilator  
  25  3:02  Stalker  
  24  3:08  Warp Gate  
  24  3:09  Photon Cannon  
  27  3:21  Stalker  
  27  3:22  Pylon  
  28  3:41  Shield Battery  
  28  3:46  Stalker  
  30  3:55  Stalker  
  32  3:58  Probe  
  31  4:21  Pylon  
  31  4:27  Probe  
  32  4:42  Gateway  
  32  4:45  Pylon  
  32  4:51  Probe  
  32  4:58  Pylon  
  32  5:15  Stargate  
  32  5:16  Stalker  
  32  5:21  Stalker, Pylon  
  34  5:22  Probe  
  37  5:41  Stalker  
  37  5:42  Stalker  
  39  5:45  Stalker  
  39  5:54  Probe  
  36  6:08  Phoenix  
  35  6:33  Adept  
  35  6:36  Adept  
  39  6:42  Robotics Facility  
  39  6:43  Probe  
  39  6:44  Sentry  
  42  6:56  Probe  
  42  6:58  Pylon  
  40  7:09  Shield Battery  
  40  7:10  Phoenix  
  41  7:29  Immortal, Phoenix  
  47  7:44  Gateway  
  47  7:45  Probe  
  48  7:54  Phoenix  
  48  8:17  Nexus  
  48  8:18  Oracle  
  51  8:48  Immortal  
  55  9:00  Oracle  
  58  9:12  Probe  
  58  9:29  Warp Prism  
  59  9:44  Sentry x2  
  61  10:05  Immortal  
  58  10:34  Stalker x3  
  54  10:36  Probe  
Show
View Real Time Build Order
Export as new Build Order

ShoWTimE Protoss - Winner!

Build Orders: Oracle Opening 

Get SALT Encoding   

  12  0:00  Probe  
  13  0:12  Probe  
  14  0:18  Pylon  
  14  0:24  Probe  
  15  0:32  Probe  
  15  0:38  Gateway  
  15  0:40  Probe  
  16  0:47  Assimilator  
  17  0:51  Probe  
  17  0:56  Assimilator  
  18  1:00  Probe  
  19  1:08  Probe  
  19  1:10  Gateway  
  19  1:17  Probe  
  21  1:26  Cybernetics Core  
  21  1:29  Probe  
  22  1:41  Pylon  
  22  1:42  Probe  
  23  1:59  Probe  
  24  2:03  Stalker  
  24  2:11  Nexus  
  26  2:17  Warp Gate  
  26  2:26  Stargate  
  25  3:00  Oracle  
  27  3:41  Probe  
  27  3:42  Pylon  
  28  3:57  Assimilator  
  28  3:59  Probe  
  29  4:06  Shield Battery  
  29  4:07  Gateway x2  
  29  4:11  Probe  
  29  4:15  Gateway  
  30  4:23  Probe  
  30  4:24  Shield Battery  
  31  4:29  Pylon  
  31  4:34  Pylon  
  31  4:45  Cybernetics Core  
  31  5:02  Stalker x2  
  31  5:07  Assimilator  
  35  5:14  Pylon  
  35  5:18  Stalker  
  37  5:21  Shield Battery  
  37  5:28  Stalker  
  39  5:34  Stalker  
  41  5:53  Stalker x2  
  43  5:57  Pylon  
  43  6:02  Stalker  
  45  6:16  Shield Battery  
  45  6:30  Probe  
  46  6:38  Pylon  
  46  6:42  Stalker x3  
  52  7:05  Nexus  
  52  7:10  Probe  
  53  7:23  Probe  
  53  7:25  Robotics Facility  
  54  7:40  Probe  
  54  7:41  Sentry x2  
  54  7:43  Pylon  
  59  7:46  Pylon  
  59  7:52  Probe  
  60  8:04  Probe  
  61  8:05  Observer  
  59  8:13  Stalker x3  
  59  8:16  Probe  
  59  8:17  Probe  
  67  8:24  Immortal  
  67  8:28  Probe  
  72  8:41  Pylon  
  72  8:42  Probe  
  72  8:44  Probe  
  72  8:51  Twilight Council  
  72  8:54  Immortal  
  71  8:56  Probe x2  
  71  8:59  Gateway  
  77  9:13  Probe x2  
  77  9:15  Assimilator  
  79  9:18  Assimilator  
  79  9:25  Probe x2  
  79  9:27  Warp Prism, Stalker x2  
  85  9:37  Probe  
  88  9:40  Probe  
  87  9:53  Probe  
  87  9:57  Observer  
  88  10:04  Gateway x2  
  88  10:07  Gateway  
  89  10:09  Stalker  
  89  10:10  Gateway  
  89  10:13  Stalker  
  91  10:20  Probe  
  85  10:22  Probe  
  82  10:40  Stalker x3  
Tags
 
Add a new tag
Caveats
  • Supply blocks, unpowered buildings, or Contaminate may cause inaccurate times.
  • Supply counts are checked every 10 seconds.